Unix NetHack Version 5.0.0-0 post-release - last build May  3 2026 23:40:34 (9823c992c0763bbd039eca2974112f46eaf799b3,branch:main).

Game began 2026-05-04 13:46:03, ended 2026-05-04 15:52:35.

BeardyHaddock, chaotic male elven Wizard

            ----------
            |.)...`..-#
            |........|
            |........|
            |%...<....           -------------
            |........|           |C.........C|
            ---.---.--       ### |.....C.....|
               ##             ## |...-----...|
             ####             ###....|.{.....|
             #  #             #  |..C|{.{|C..|
             #            #####  |...|.{ |...|
          `###           ##      |...-----...|
         -.--------.--  #`       |.....C....u|
         |...>.......|  #        |C.........@|
         |.........[.|  #        -------------
         |...........|  #
         |..........%.####
         -------------

BeardyHaddock the Conjurer  St:11 Dx:13 Co:15 In:20 Wi:10 Ch:9  Chaotic
Dlvl:7  $:322 HP:0(43) Pw:29(70) AC:2  Xp:5 T:3751  Satiated

Latest messages:
 The dwarf swings his broad pick.  The dwarf hits!
 You shock the dwarf.  The dwarf swings his broad pick.  The dwarf misses!
 In what direction? 8
 The spell misses the dwarf.
 You descend the stairs.
 You hear the splashing of a naiad.
 You climb up the stairs.
 You shock the dwarf!
 In what direction? 8
 The spell hits the dwarf!  You kill the dwarf!
 There are several objects here.
 $ - 24 gold pieces (322 in total).  V - a yellowish brown gem.
 You descend the stairs.
 Really save? [yn] (n) y
 Saving...
 Restoring save file...
 Hello BeardyHaddock, the elven Wizard, welcome back to NetHack!
 You are lucky!  Full moon tonight.
 Something is written here in the dust.
 You read: "E||crc?n".
 You see here a housecat corpse.
 You see here a giant spider corpse.
 With great effort you move the boulder.
 You try to move the boulder, but in vain.
 You find a web.
 You see here a studded leather armor.
 You see here a tin.
 g - a tin.
 Really step into that web? [yn] (n) n
 You hear snoring snakes.
 You hear a chugging sound.
 You see here a statue of a plains centaur.
 You see here a statue of a plains centaur.
 You see here a statue of a plains centaur.
 You see here a statue of a plains centaur.
 The gray unicorn misses!
 The gray unicorn kicks!
 The gray unicorn butts!
 The gray unicorn kicks!
 You see here a statue of a forest centaur.
 The gray unicorn butts!
 The gray unicorn kicks!
 The gray unicorn butts!
 The gray unicorn kicks!
 You die...
 Do you want your possessions identified? [ynq] (y) n
 Do you want to see your attributes? [ynq] (y) n
 Do you want an account of creatures vanquished? [ynaq] (y) n
 Do you want to see your conduct and achievements? [ynq] (y) n
 Do you want to see the dungeon overview? [ynq] (y) n

Inventory:
 Coins    ('$')
  $ - 322 gold pieces
 Weapons  (')')
  F - a +0 dagger
  a - a blessed +1 quarterstaff (weapon in hands)
 Armor    ('[')
  b - a blessed +3 cloak of magic resistance (being worn)
  I - an uncursed +1 studded leather armor (being worn)
 Comestibles  ('%')
  z - an uncursed candy bar labeled "Om-nom"
  x - an uncursed candy bar labeled "Snacky Cake"
  C - an uncursed carrot
  s - an uncursed food ration
  w - an uncursed food ration
  G - an uncursed lembas wafer
  g - an uncursed tin of smoked white unicorn meat
 Scrolls  ('?')
  T - an uncursed scroll of confuse monster
  Q - an uncursed scroll of destroy armor
  H - an uncursed scroll of food detection
  P - an uncursed scroll of magic mapping
  k - an uncursed scroll of scare monster
  j - an uncursed scroll of teleportation
 Spellbooks  ('+')
  O - an uncursed spellbook of fireball
 Potions  ('!')
  f - an uncursed potion of levitation
  h - an uncursed potion of monster detection
 Rings    ('=')
  d - an uncursed ring of searching (on right hand)
  e - an uncursed ring of slow digestion (on left hand)
 Wands    ('/')
  B - a wand of sleep (0:4)
  c - a wand of undead turning (0:8)
 Tools    ('(')
  o - an uncursed wooden harp
  A - an uncursed lock pick
  n - a magic marker (0:21)
  y - an uncursed oil lamp
  K - a +0 pick-axe
 Gems/Stones  ('*')
  R - an uncursed amethyst stone
  N - an uncursed citrine stone
  M - 2 uncursed garnet stones
  q - an uncursed obsidian stone
  L - an uncursed worthless piece of red glass
  V - an uncursed worthless piece of yellowish brown glass
  v - an uncursed touchstone

BeardyHaddock the Wizard's attributes:

Background:
 You were a Conjurer, a level 5 male elven Wizard.
 You were chaotic, on a mission for Anhur
 who was opposed by Ptah (lawful) and Thoth (neutral).
 You were right-handed.
 You were in the Dungeons of Doom, on level 7.
 You entered the dungeon 3751 turns ago.
 There was a full moon in effect when your adventure ended.
 You had 313 experience points, 7 more were needed to attain level 6.

Basics:
 You had 0 out of 43 hit points.
 You had 29 out of 70 energy points (spell power).
 Your armor class was 2.
 Your wallet contained 322 zorkmids.
 Autopickup was off.

Final Characteristics:
 Your strength was 11 (limit:18).
 Your dexterity was 13 (peak:14, limit:18).
 Your constitution was 15 (limit:16).
 Your intelligence was 20 (limit:20).
 Your wisdom was 10 (limit:20).
 Your charisma was 9 (limit:18).

Final Status:
 You were satiated.
 You were unencumbered.
 You were wielding a quarterstaff.
 You had basic skill with quarterstaff.

Final Attributes:
 You were piously aligned.
 You were magic-protected.
 You were sleep resistant.
 You were poison resistant.
 You had automatic searching.
 You had infravision.
 You had slower digestion.
 You were warded.
 You were lucky.
 You are dead.

Miscellaneous:
 You didn't encounter any bones levels.
 Total elapsed playing time was 25 minutes and 23 seconds.

Major events:
 Turn
    1: BeardyHaddock the chaotic male elven Wizard entered the dungeon
 1252: attained the rank of Conjurer (level 3)
 3751: killed by a gray unicorn

Spells:
 Name                 Level Category     Fail Retention
 force bolt             1   attack         0%   81%-90%
 chain lightning        2   attack         0%   81%-90%
 detect unseen          3   divination    63%  76%-100%
 fireball               4   attack        46%  91%-100%

Skills:
 Fighting Skills
   bare handed combat [Unskilled]
   riding             [Unskilled]
 Weapon Skills
   dagger             [Unskilled]
   knife              [Unskilled]
   axe                [Unskilled]
   short sword        [Unskilled]
   club               [Unskilled]
   mace               [Unskilled]
   quarterstaff       [Basic]
   polearms           [Unskilled]
   spear              [Unskilled]
   trident            [Unskilled]
   sling              [Unskilled]
   dart               [Unskilled]
   shuriken           [Unskilled]
 Spellcasting Skills
   attack spells      [Basic]
   healing spells     [Unskilled]
   divination spells  [Unskilled]
   enchantment spells [Basic]
   clerical spells    [Unskilled]
   escape spells      [Unskilled]
   matter spells      [Unskilled]

Voluntary challenges:
 Character rerolling was not enabled.
 You never genocided any monsters.
 You never polymorphed an object.
 You never changed form.
 You used no wishes.
Achievements:
 You entered a shop.
 You attained the rank of Conjurer.

 The Dungeons of Doom: levels 1 to 7
    Level 1:
       A fountain.
    Level 2:
       A general store.
    Level 3:
       A weapon shop, some fountains.
    Level 4:
       Some fountains.
    Level 5:
       Some fountains, a grave.
    Level 6:
    Level 7: <- You were here.
       Many fountains.
       Final resting place for
          you, killed by a gray unicorn.


Vanquished creatures:
  a giant spider
  a dingo
  a housecat
  2 snakes
  a rock piercer
  2 violet fungi
  a red naga hatchling
  2 giant ants
  2 dwarves
  2 homunculi
  a kobold leader
  2 rothes
  2 giant bats
  a monkey
  a werejackal
 an iguana
  a manes
  4 giant rats
  2 cave spiders
  2 brown molds
  a gnome zombie
  a gecko
  2 jackals
  3 goblins
  a sewer rat
  7 grid bugs
  5 lichens
  2 kobold zombies
 11 newts
65 creatures vanquished.

No species were genocided or became extinct.

Game over:
                       ----------
                      /          \
                     /    REST    \
                    /      IN      \
                   /     PEACE      \
                  /                  \
                  |  BeardyHaddock   |
                  |      322 Au      |
                  | killed by a gray |
                  |     unicorn      |
                  |                  |
                  |                  |
                  |       2026       |
                 *|     *  *  *      | *
        _________)/\\_//(\/(/\)/\//\/|_)_______

Goodbye BeardyHaddock the Wizard...

You died in The Dungeons of Doom on dungeon level 7 with 1862 points,
and 322 pieces of gold, after 3751 moves.
You were level 5 with a maximum of 43 hit points when you died.

